 Dungeon Crawl Stone Soup version 0.18.1-48-g4cf74bf (webtiles) character file.

42 nikopol the Skirmisher (level 3, 0/33 HPs)
             Began as a Minotaur Berserker on July 25, 2016.
             Was a Believer of Trog.
             Slain by a worm (8 damage)
             ... on level 2 of the Dungeon.
             The game lasted 00:02:07 (749 turns).

nikopol the Skirmisher (Minotaur Berserker)          Turns: 749, Time: 00:02:07

Health: 0/33       AC:  3    Str: 21    XL:     3   Next: 35%
Magic:  2/2        EV: 12    Int:  4    God:    Trog [**....]
Gold:   95         SH:  0    Dex: 10    Spells: 0 memorised, 2 levels left

rFire  . . .     SeeInvis .     a - +0 spear
rCold  . . .     Gourm    .     h - +0 leather armour
rNeg   . . .     Faith    .     (no shield)
rPois  .         Spirit   .     (helmet restricted)
rElec  .         Dismiss  .     (no cloak)
rCorr  .         Reflect  .     (no gloves)
SustAt .         Harm     .     (no boots)
MR     .....                    (no amulet)
Stlth  +.........               (no ring)
                                (no ring)

@: not resistant to hostile enchantments, very unstealthy
A: retaliatory headbutt, horns 2
a: Berserk, Trog's Hand, Burn Spellbooks, Renounce Religion


You were on level 2 of the Dungeon.
You worshipped Trog.
Trog was pleased with you.
You were not hungry.

You visited 1 branch of the dungeon, and saw 2 of its levels.

You collected 95 gold pieces.

Inventory:

Hand Weapons
 a - a +0 spear (weapon)
Armour
 b - a +0 animal skin
 h - a +0 leather armour (worn)
Jewellery
 m - a cursed ring of teleportation {unknown}
Scrolls
 e - a scroll of enchant weapon {unknown}
 f - a scroll of immolation {unknown}
 g - a scroll of noise {unknown}
 i - 4 scrolls of identify {unknown}
Potions
 d - a potion of might {unknown}
 l - a potion of haste {unknown}
Books
 k - a book of Annihilations

   Spells                             Type                      Level
   a - Poison Arrow                   Conjuration/Poison           6
   b - Chain Lightning                Conjuration/Air              8
   c - Lehudib's Crystal Spear        Conjuration/Earth            8
   d - Glaciate                       Conjuration/Ice              9
   e - Fire Storm                     Conjuration/Fire             9
   Trog disapproves of the use of such an item.
Comestibles
 c - 3 bread rations
 j - 3 chunks of flesh
 n - 3 fruits


   Skills:
 + Level 4.1 Fighting
 + Level 4.1 Polearms
 + Level 2.8 Armour
 + Level 3.1 Dodging


You had 2 spell levels left.
You didn't know any spells.

Dungeon Overview and Level Annotations

Branches:
Dungeon (2/15)

Altars:
Pakellas


Innate Abilities, Weirdness & Mutations

You reflexively headbutt those who attack you in melee.
You have a pair of horns on your head.


Message History

Attack whom?
Press: ? - help, Dir - move target cursor, f - worm
Aim: a worm You reach to attack!
You hit the worm.
The worm is lightly wounded.
You hit the worm.
The worm is lightly wounded.
You barely miss the worm. You headbutt the worm!
The worm is heavily wounded.
You completely miss the worm.
The worm is heavily wounded.
The worm bites you!
* * * LOW HITPOINT WARNING * * *
You are too injured to fight recklessly!
You are too injured to fight recklessly!
You are too injured to fight recklessly!
You hit the worm.
The worm is severely wounded.
The worm bites you!
You die...

.## #.## ... #...## ##.##
#....# ##.... ....#
...... ...# # ......
..#.# ..##.. #######w#.#
#.. #......@..##### #..
#.......#.....# #..
#.......#.....# #..
#.......#.....# #..
##.......#.....# #..
#..............# #..
#..............# #..
#...........###########..
#........)...............


You could see a worm.

Vanquished Creatures
  An adder (D:2)
  2 dart slugs (D:1)
  A giant cockroach (D:2)
  4 goblins
  3 hobgoblins
  4 jackals (D:1)
  4 kobolds
  2 bats
  A giant newt (D:2)
  6 rats
28 creatures vanquished.

Notes
Turn   | Place    | Note
--------------------------------------------------------------
     0 | D:1      | nikopol the Minotaur Berserker began the quest for the Orb.
     0 | D:1      | Reached XP level 1. HP: 19/19 MP: 0/0
   152 | D:1      | Reached XP level 2. HP: 20/27 MP: 1/1
   653 | D:2      | Reached XP level 3. HP: 33/33 MP: 2/2
   659 | D:2      | Found an oddly glowing altar of Pakellas.
   691 | D:2      | Reached ** piety under Trog
   749 | D:2      | Slain by a worm

Skill      XL: |  1  2  3 |
---------------+----------+-----
Fighting       | 4 |  4.1
Polearms       | 4 |  4.1
Dodging        | 3 |  3.1
Armour         | |  2.8

Action                   || total
-------------------------++-------
Melee: Spear             ||    82
       Headbutt          ||     8
Invok: Trog's Hand       ||     1
 Stab: Sleeping          ||     1
Armor: Animal skin       ||     2
       Leather armour    ||     4
Dodge: Dodged            ||    30
